 Dungeon Crawl Stone Soup version 0.31-a0-236-g9a0961fb85 (webtiles) character file.

Game seed: 17533234526765741997

23 qw the Shooter (level 2, 0/24 HPs)
             Began as a Minotaur Hexslinger on July 10, 2023.
             Slain by a gnoll
             ... wielding a +0 spear
              (3 damage)
             ... on level 2 of the Dungeon.
             The game lasted 00:00:17 (766 turns).

qw the Shooter (Minotaur Hexslinger)                 Turns: 766, Time: 00:00:17

Health: 0/24       AC:  5    Str: 12    XL:     2   Next: 72%
Magic:  2/2        EV: 10    Int: 10    God:
Gold:   94         SH:  0    Dex: 12    Spells: 2/3 levels left

rFire   . . .        Y - +1 sling
rCold   . . .        (no shield)
rNeg    . . .        e - +0 ring mail
rPois   .            (helmet restricted)
rElec   .            (no cloak)
rCorr   .            (no gloves)
SInv    .            (no boots)
Will    +....        (no amulet)
Stlth   +            k - ring of willpower
HPRegen 0.24/turn    (no ring)
MPRegen 0.08/turn

%: no passive effects
@: no status effects
A: horns 2, retaliatory headbutt
a: no special abilities


You were on level 2 of the Dungeon.
You visited 1 branch of the dungeon, and saw 2 of its levels.

You collected 94 gold pieces.


Innate Abilities, Weirdness & Mutations

You have a pair of horns on your head.
You reflexively headbutt those who attack you in melee.


   Skills:
 - Level 2.0 Fighting
 + Level 3.3 Ranged Weapons
 - Level 2.1 Dodging
 - Level 1.0 Spellcasting
 - Level 2.0 Hexes


You had 2 spell levels left.
You knew the following spells:

 Your Spells              Type           Power      Damage    Failure   Level
a - Slow                  Hex            16%        N/A       34%         1

Your spell library contained the following spells:

 Spells                   Type           Power      Damage    Failure   Level
 Inner Flame              Hex/Fire       2%         N/A       83%         3
 Portal Projectile        Hex/Tloc       4%         N/A       83%         3
 Cause Fear               Hex            2%         N/A       98%         4

Inventory:

Hand Weapons
 Y - a +1 sling (weapon)
Armour
 e - a +0 ring mail (worn)
Jewellery
 k - a ring of willpower (left hand)
Scrolls
 a - 2 scrolls of identify
Potions
 f - a potion of degeneration {unknown}
 j - a potion of enlightenment {unknown}
 l - a potion of lignification {unknown}

Dungeon Overview and Level Annotations

Branches:
Dungeon (2/15)

Altars:


Message History

Found a stone staircase leading up.
Found a stone staircase leading down.
a - 2 scrolls of identify (gained 1)
A gnoll comes into view. It is wielding a +0 spear.
The gnoll shouts!
You shoot a sling bullet. The sling bullet hits the gnoll.
The gnoll is heavily wounded.
A bat comes into view.
You shoot a sling bullet. The sling bullet hits the gnoll.
The gnoll is heavily wounded.
A kobold comes into view. It is wielding a +0 whip.
You shoot a sling bullet.
The sling bullet closely misses the bat.
The sling bullet closely misses the gnoll.
The kobold shouts!
The sling bullet hits the kobold.
You kill the kobold!
The bat hits you but does no damage.
You shoot a sling bullet. The sling bullet misses the bat.
The bat barely misses you. The bat hits you but does no damage.
The gnoll hits you from afar with a +0 spear.
You shoot a sling bullet. The sling bullet misses the bat.
The bat barely misses you.
The gnoll hits you from afar with a +0 spear.
You shoot a sling bullet.
The sling bullet completely misses the bat.
The sling bullet closely misses the gnoll.
The bat hits you but does no damage.
The gnoll hits you from afar with a +0 spear!
The gnoll hits you but does no damage.
You shoot a sling bullet. The sling bullet hits the bat.
The bat is moderately wounded.
The bat misses you. The bat barely misses you.
The gnoll hits you from afar with a +0 spear!
You shoot a sling bullet.
The sling bullet hits the gnoll but does no damage.
The gnoll is heavily wounded.
The bat hits you.
The gnoll hits you from afar with a +0 spear.
You die...

##...................
..>..........<.......
......#.########.###.
.##.#.#.## .. ..
#....### < .#
#####...# #PPP....#
## P.PP..P.P.#.P7
.P..P...b@..7
.......P...77
...###...g7.. ...
+......77 .. #.....77
....... ........
P7P..8)8P.


You could see a gnoll and a bat.

Vanquished Creatures
  A dart slug (D:1)
  A ball python (D:1)
  2 endoplasms (D:1)
  2 giant cockroaches (D:1)
  2 goblins (D:1)
  4 hobgoblins (D:1)
  A bat (D:1)
  2 frilled lizards (D:1)
  2 kobolds
  2 rats (D:1)
19 creatures vanquished.

Notes
Turn   | Place    | Note
-------+----------+-------------------------------------------
     0 | D:1      | qw the Minotaur Hexslinger began the quest for the Orb.
     0 | D:1      | Reached XP level 1. HP: 16/16 MP: 1/1
     0 | D:1      | 0 ||| qw: Version: 0.3-a-52-g30416fa
     0 | D:1      | 0 ||| qw: Game counter: 4899
     0 | D:1      | 0 ||| qw: Melee chars always use a shield: true
     0 | D:1      | 0 ||| qw: God list: Okawaru
     0 | D:1      | 0 ||| qw: Allow faded altars: false
     0 | D:1      | 0 ||| qw: Do Orc after clearing Dungeon:15 true
     0 | D:1      | 0 ||| qw: Do second Lair branch before Depths: true
     0 | D:1      | 0 ||| qw: Lair rune preference: random
     0 | D:1      | 0 ||| qw: Goals: Normal
     0 | D:1      | 0 ||| PLANNING D:1-11
    93 | D:1      | Reached skill level 3 in Ranged Weapons
   137 | D:1      | Reached XP level 2. HP: 23/23 MP: 2/2
   690 | D:1      | 690 ||| UPGRADING to +0 ring mail.
   700 | D:1      | 700 ||| DROPPING +0 robe.
   701 | D:1      | 701 ||| DROPPING amulet of magic regeneration.
   702 | D:1      | 702 ||| UPGRADING to ring of willpower.
   703 | D:1      | 703 ||| READING 2 scrolls labelled KIANIH DIAV.
   704 | D:1      | 704 ||| READING scroll labelled QAETAUN YGAIF.
   705 | D:1      | 705 ||| READING scroll labelled NOHAMIUGYBB.
   706 | D:1      | 706 ||| DROPPING scroll of poison.
   765 | D:2      | HP: 3/24 [gnoll/+0 spear (9)]
   766 | D:2      | Slain by a gnoll

Levels and vault maps discovered:
D:1:      pf_arrival_petrified_forest, layout_loops_ring
D:2:      wad_woods_settlement, layout_basic, serial_bayou_pond_a,
          minmay_misc_feat_pillars

Skill      XL: |  1  2 |
---------------+-------+-----
Ranged Weapons | 3 |  3.3
Fighting       | 2 |  2.0
Dodging        | |  2.1
Spellcasting   | |  1.0
Hexes          | |  2.0

Action                     || total
---------------------------++-------
   Fire: Sling             ||    58
    Use: Scroll            ||     3
 Armour: Robe              ||     2
         Ring mail         ||     4
  Dodge: Dodged            ||    17

Table legend:
 A = Non-vault XP
 B = Vault XP
 C = Vault XP percentage of total XP
 D = Non-vault monster count
 E = Vault monster count
 F = Vault count percentage of total count
                 A         B        C        D         E       F
            +---------+---------+-------+---------+---------+-------
      Total |      33 |       0 |   0.0 |      19 |       0 |   0.0
            +---------+---------+-------+---------+---------+-------
        D:1 |      32 |       0 |   0.0 |      18 |       0 |   0.0
        D:2 |       1 |       0 |   0.0 |       1 |       0 |   0.0
            +---------+---------+-------+---------+---------+-------
